 Dungeon Crawl Stone Soup version 0.26-a0-658-gbdda728c12 (webtiles) character file.

Game seed: 2386189050441003367

693 luopjiggy the Cleaver (level 7, -1/57 HPs)
             Began as a Hill Orc Fighter on Oct 4, 2020.
             Slain by Harold
             ... wielding a +0 glaive
              (23 damage)
             ... on level 7 of the Dungeon.
             The game lasted 00:06:09 (3985 turns).

luopjiggy the Cleaver (Hill Orc Fighter)            Turns: 3985, Time: 00:06:09

Health: -1/57      AC: 13    Str: 19    XL:     7   Next: 64%
Magic:  7/7        EV:  7    Int: 14    God:
Gold:   386        SH:  9    Dex: 12    Spells: 6/6 levels left

rFire    . . .     SeeInvis .   a - +1 war axe
rCold    . . .     Faith    .   c - +0 kite shield
rNeg     . . .     Spirit   .   b - +0 scale mail
rPois    .         Reflect  .   (no helmet)
rElec    .         Harm     .   o - +1 cloak
rCorr    .         Rampage  .   (no gloves)
MR       .....                  (no boots)
Stlth    ..........             (no amulet)
HPRegen  0.19/turn              j - +6 ring of intelligence
MPRegen  0.10/turn              l - +4 ring of protection

@: no status effects
A: no striking features
a: no special abilities


You were on level 7 of the Dungeon.
You visited 1 branch of the dungeon, and saw 6 of its levels.

You collected 386 gold pieces.

Inventory:

Hand Weapons
 a - a +1 war axe (weapon)
Armour
 b - a +0 scale mail (worn)
 c - a +0 kite shield (worn)
 o - a +1 cloak (worn)
Jewellery
 i - an uncursed ring of magical power
 j - a +6 ring of intelligence (left hand)
 l - a +4 ring of protection (right hand)
 m - an uncursed ring of poison resistance
Wands
 n - a wand of acid (8)
Scrolls
 g - a scroll of teleportation
 k - a scroll of noise {unknown}
 p - a scroll of identify {unknown}
Potions
 d - 2 potions of might
 e - a potion of cancellation {unknown}
 f - a potion of haste {unknown}
 h - a potion of ambrosia {unknown}
 q - 3 potions of curing


   Skills:
 - Level 3.6 Fighting
 * Level 10.8 Axes
 - Level 3.2 Armour
 - Level 3.2 Shields


You had 6 spell levels left.
You didn't know any spells.
Your spell library was empty.

Dungeon Overview and Level Annotations

Branches:
Dungeon (5/15)
 Temple: D:4-7

Altars:
Dithmenos
Elyvilon
Qazlal
Ru
Yredelemnul
The Shining One

Annotations:
D:7 Harold


Message History

You barely miss the bullfrog. The bullfrog hits you.
Harold says, "Let's make it quick, okay?
I've got mouths to feed."
Harold closely misses you.
A bullfrog skeleton comes into view.
The bullfrog hits you but does no damage.
You slash Harold!
Harold is heavily wounded.
You hit the bullfrog. You block the bullfrog's attack.
Harold hits you with a +0 glaive.
You slash Harold!
Harold is severely wounded.
You hit the bullfrog. You block the bullfrog's attack.
Harold hits you with a +0 glaive!
The bullfrog hits you but does no damage.
You slash Harold!
Harold is severely wounded.
You slash the bullfrog!
The bullfrog hits you but does no damage.
Harold hits you with a +0 glaive!!
You die...

#.....# #.#
#...### .#
##.## #.#
#.##### #.....#
# #.....###.#
#.........##.#
#.....@@....$#
#.....F.......
...#.###.^.....
####.# Z#####.
.# .# .# .# .#
..


You could see Harold, a bullfrog and a bullfrog skeleton.

Vanquished Creatures
  An ice beast (D:7)
  An ogre (D:4)
  2 phantoms (D:4)
  A scorpion (D:4)
  A hound (D:4)
  An orc priest (D:4)
  2 orc wizards (D:3)
  An iguana (D:4)
  5 adders
  A shadow imp (D:5)
  2 white imps (D:5)
  2 oozes
  An adder skeleton (D:5)
  An adder zombie (D:3)
  2 worms
  2 dart slugs (D:2)
  A leopard gecko (D:5)
  7 orcs
  7 giant cockroaches
  2 goblins
  2 hobgoblins
  2 jackals (D:2)
  8 kobolds
  2 quokkas
  5 bats
  3 frilled lizards
  A leopard gecko skeleton (D:4)
  9 rats
75 creatures vanquished.

Vanquished Creatures (others)
  6 plants (D:4)
6 creatures vanquished.

Grand Total: 81 creatures vanquished

Notes
Turn   | Place    | Note
-------+----------+-------------------------------------------
     0 | D:1      | luopjiggy the Hill Orc Fighter began the quest for the Orb.
     0 | D:1      | Reached XP level 1. HP: 19/19 MP: 1/1
    55 | D:1      | Reached skill level 3 in Axes
    86 | D:1      | Reached XP level 2. HP: 26/26 MP: 2/2
   243 | D:1      | Reached skill level 4 in Axes
   801 | D:2      | Reached XP level 3. HP: 30/31 MP: 3/3
   841 | D:2      | Reached skill level 5 in Axes
  1214 | D:2      | Found a glowing golden altar of the Shining One.
  1259 | D:2      | Found a sacrificial altar of Ru.
  1336 | D:2      | Reached XP level 4. HP: 34/39 MP: 4/4
  1614 | D:3      | Reached skill level 6 in Axes
  1624 | D:3      | Reached XP level 5. HP: 32/45 MP: 5/5
  1717 | D:3      | Found a faded altar of an unknown god.
  1790 | D:3      | Reached skill level 7 in Axes
  2264 | D:3      | Found a white marble altar of Elyvilon.
  2420 | D:4      | Reached skill level 8 in Axes
  2420 | D:4      | Reached XP level 6. HP: 8/51 MP: 6/6
  2774 | D:4      | Reached skill level 9 in Axes
  2946 | D:4      | Noticed a phantom
  2974 | D:4      | Killed a phantom
  2974 | D:4      | Reached XP level 7. HP: 55/57 MP: 7/7
  3160 | D:4      | Reached skill level 10 in Axes
  3366 | D:5      | Entered Level 5 of the Dungeon
  3413 | D:5      | Found a basalt altar of Yredelemnul.
  3413 | D:5      | Found a shadowy altar of Dithmenos.
  3483 | D:5      | Found a stormy altar of Qazlal.
  3906 | D:5      | You fall into a shaft and drop 2 floors!
  3973 | D:7      | Noticed Harold
  3985 | D:7      | Slain by Harold

Illustrated notes

Levels and vault maps discovered:
D:1:      nagdon_arrival_zigzag_paths, layout_loops_ring,
          hangedman_decor_clover_reticule
D:2:      layout_rooms, nicolae_ru_path_of_blood, nicolae_overflow_crystal_walls
D:3:      lemuel_upstairs_altar, layout_basic, marbit_many_paths,
          chequers_ecumenical_altar_simple_redux
D:4:      layout_rooms, serial_bayou, serial_bayou_pond_c, serial_bayou_pond_d,
          serial_bayou_ford_a, serial_bayou_pond_d
D:5:      layout_loops_corners, old_standard_altar,
          chequers_temple_overflow_statue_of_worship
D:7:      layout_loops_ring, temple_statues, chequers_ossuary_entry_cave,
          uniq_joseph, uniq_harold

Skill      XL: |  1  2  3  4  5  6  7 |
---------------+----------------------+-----
Axes           | 3 4 5 6 8 9 10 | 10.8
Fighting       | |  3.6
Armour         | |  3.2
Shields        | |  3.2

Action                   |  1- 3 |  4- 6 |  7- 9 || total
-------------------------+-------+-------+-------++-------
Melee: War axe           |    74 |   112 |    52 ||   238
Evoke: Wand              |       |     1 |       ||     1
  Use: Scroll            |     2 |     1 |     2 ||     5
       Potion            |     1 |     1 |       ||     2
Armor: Scale mail        |    48 |    46 |    20 ||   114
Dodge: Dodged            |    32 |    28 |     7 ||    67
Block: Kite shield       |    43 |    47 |    18 ||   108

Table legend: (Time is in decaauts)
 A = Elapsed time spent in this place.
 B = Non-inter-level travel time spent in this place.
 C = Inter-level travel time spent in this place.
 D = Time resting spent in this place.
 E = Time spent auto-exploring this place.
 F = Levels seen in this place.
 G = Mean time per level.
                   A        B        C        D        E       F      G
               +--------+--------+--------+--------+--------+-----+--------+
         Total |   4044 |   3962 |     82 |    814 |   2563 |   6 |  674.0 |
       Dungeon |   4044 |   3962 |     82 |    814 |   2563 |   6 |  674.0 |
               +--------+--------+--------+--------+--------+-----+--------+

Top non-repeatable levels by time:
     D:4: 999 daAuts
     D:3: 818 daAuts
     D:1: 806 daAuts
     D:2: 800 daAuts
     D:5: 540 daAuts
     D:7: 79 daAuts
